 Dungeon Crawl Stone Soup version 0.31-a0-83-gbff143cfd1 (webtiles) character file.

Game seed: 9235132678090742047

602 loir the Trooper (level 7, -10/44 HPs)
             Began as a Gargoyle Gladiator on May 25, 2023.
             Killed by divine providence
             ... invoked by an orc priest
              (17 damage)
             ... on level 4 of the Dungeon.
             The game lasted 00:20:31 (3006 turns).

loir the Trooper (Gargoyle Gladiator)               Turns: 3006, Time: 00:20:32

Health: -10/44     AC: 31    Str: 19    XL:     7   Next: 41%
Magic:  7/7        EV:  9    Int: 15    God:
Gold:   35         SH:  0    Dex: 11    Spells: 6/6 levels left

rFire   + + .        g - +1 flail (protect)
rCold   . . .        (no shield)
rNeg    + . .        t - +10 chain mail "Muahim" {rF++}
rPois   ∞            c - +0 helmet
rElec   +            (no cloak)
rCorr   +            (no gloves)
SInv    .            (no boots)
Will    .....        (no amulet) Stlth
                     j - +6 ring of intelligence
HPRegen 0.27/turn    k - ring of resist corrosion
MPRegen 0.10/turn

%: no passive effects
@: under a protective aura
A: sickness immunity, AC +4, negative energy resistance 1, electricity
resistance, torment resistance 1, petrification resistance
a: no special abilities


You were on level 4 of the Dungeon.
You visited 1 branch of the dungeon, and saw 4 of its levels.

You collected 165 gold pieces.
You spent 130 gold pieces at shops.

Inventory:

Hand Weapons
 a - a +1 flail
 g - a +1 flail of protection (weapon)
Missiles
 d - a throwing net
 e - 5 javelins (quivered)
Armour
 b - a +0 leather armour
 c - a +0 helmet (worn)
 r - a +3 leather armour of willpower
 t - the +10 chain mail "Muahim" (worn) {rF++}
   (You found it on level 4 of the Dungeon)

   rF:        It greatly protects you from fire.
Jewellery
 i - a ring of flight
 j - a +6 ring of intelligence (left hand)
 k - a ring of resist corrosion (right hand)
 o - a +6 ring of intelligence
Scrolls
 m - 2 scrolls of identify
 n - 2 scrolls of enchant armour {unknown}
 s - a scroll of teleportation
 u - a scroll of amnesia
Potions
 f - a potion of attraction {unknown}
 h - a potion of enlightenment
 l - a potion of heal wounds
 p - a potion of magic {unknown}
 q - a potion of invisibility {unknown}


   Skills:
 * Level 5.1 Fighting
 * Level 5.0 Maces & Flails
 + Level 3.1 Throwing
 + Level 1.0 Armour
 + Level 4.0 Dodging


You had 6 spell levels left.
You didn't know any spells.
Your spell library contained the following spells:

 Spells                   Type           Power      Damage    Failure   Level
 Volatile Blastmotes      Fire/Tloc      0%         2d10      100%        3
 Fulminant Prism          Conj/Hex       0%         3d5       100%        4
 Iskenderun's Mystic Bla  Conj/Tloc      0%         2d3       100%        4
 Lee's Rapid Deconstruct  Erth           0%         3d4*      100%        5


Dungeon Overview and Level Annotations

Branches:
Dungeon (4/15)
 Temple: D:4-7

Altars:
Ru
Zin

Shops:
D:4 [


Innate Abilities, Weirdness & Mutations

You are immune to sickness and miasma.
Your stone body is resilient. (AC +4)
You are immune to poison.
You resist negative energy. (rN+)
You are resistant to electric shocks. (rElec)
You are resistant to unholy torment.
You are immune to petrification.


Message History

An orc comes into view. It is wielding a +0 whip.
You hit the orc.
Your weapon exudes an aura of protection.
The orc is severely wounded.
The orc hits you but does no damage.
The orc priest invokes the aid of Beogh against you.
Beogh smites you!
You closely miss the orc.
The orc is severely wounded.
The orc hits you but does no damage.
An orc comes into view. It is wielding a +0 short sword.
The orc priest calls upon Beogh to heal the orc.
The orc's wounds heal themselves!
You hear a shout!
You hit the orc.
The orc is heavily wounded.
The orc hits you but does no damage. x2
The orc priest hits you but does no damage.
You barely miss the orc.
The orc is heavily wounded.
The orc hits you but does no damage.
The orc priest hits you but does no damage.
The orc attacks as you move away! The orc misses you.
The orc priest calls upon Beogh to heal the orc.
The orc's wounds heal themselves!
The orc priest calls down the wrath of Beogh upon you.
Beogh smites you!
The orc priest invokes the aid of Beogh against something.
Beogh smites you!
An orc priest comes into view. It is wielding a +0 flail.
You sock the orc!
Your weapon exudes an aura of protection.
You kill the orc!
The orc priest invokes the aid of Beogh against something.
Beogh smites you!
* * * LOW HITPOINT WARNING * * *
The orc attacks as you move away! The orc hits you but does no damage.
The orc priest mumbles some strange prayers to Beogh against you.
Beogh smites you!
You die...

...§...# ### #.§§§#.# ...
#§§§§#.##.####
####§P§§§§8o....#
#..§8§.§§.o...#.#
#.#..§§§§§§§§...#
#.#....o#.§§.8..# ##.#
#.##...###§####.# #..#
#.###@## .# #.# #..# #.# #.#
.# #.# #..# #.#####.###)###
.# #.# #..# #.............#
.# #.# #..#
#..####.###.#.##.####.###..#
... #.# #...##......)....#
....###.####..#######.###.##
..........##..# #.# #.#
....##....##..# #.# #.#


You could see 2 orc priests and an orc.

Vanquished Creatures
  An ice beast (D:3)
  An ogre (D:3)
  A phantom (D:4)
  A water moccasin skeleton (D:4)
  2 bullfrog zombies (D:4)
  A scorpion zombie (D:4)
  Natasha (thrice) (D:2)
  Ijyb (D:4)
  3 adders
  2 adder zombies (D:4)
  An adder skeleton (D:4)
  A dart slug (D:1)
  4 orcs
  6 ball pythons
  2 bats (D:2)
  3 endoplasms
  2 giant cockroaches (D:3)
  6 hobgoblins
  7 jackals (D:2)
  4 quokkas
  2 frilled lizards
  7 goblins
  14 kobolds
  3 rats
78 creatures vanquished.

Notes
Turn   | Place    | Note
-------+----------+-------------------------------------------
     0 | D:1      | loir the Gargoyle Gladiator began the quest for the Orb.
     0 | D:1      | Reached XP level 1. HP: 12/12 MP: 1/1
   167 | D:1      | Reached XP level 2. HP: 18/18 MP: 2/2
   382 | D:1      | Found a faded altar of an unknown god.
   978 | D:2      | Reached XP level 3. HP: 14/22 MP: 3/3
  1140 | D:2      | Noticed Natasha
  1158 | D:2      | Killed Natasha
  1160 | D:2      | Reached XP level 4. HP: 23/28 MP: 4/4
  1266 | D:2      | Found a sacrificial altar of Ru.
  1266 | D:2      | Noticed Natasha
  1287 | D:2      | Killed Natasha
  1431 | D:2      | Noticed Natasha
  1459 | D:2      | Killed Natasha
  1460 | D:2      | Reached XP level 5. HP: 16/32 MP: 5/5
  1662 | D:3      | Found a glowing silver altar of Zin.
  1713 | D:3      | Noticed an ogre
  1723 | D:3      | Killed an ogre
  1808 | D:3      | Reached XP level 6. HP: 38/38 MP: 6/6
  1865 | D:3      | Noticed an ice beast
  1876 | D:3      | Killed an ice beast
  2490 | D:4      | Found Nyfuapih's Antique Armour Emporium.
  2522 | D:4      | Bought a dyed leather armour for 130 gold pieces
  2687 | D:4      | Identified the +10 chain mail "Muahim" {rF++}
  2744 | D:4      | Reached XP level 7. HP: 31/44 MP: 7/7
  2817 | D:4      | Reached skill level 5 in Fighting
  2844 | D:4      | Reached skill level 5 in Maces & Flails
  2848 | D:4      | Noticed Ijyb
  2876 | D:4      | Killed Ijyb
  2877 | D:4      | Reached skill level 1 in Armour
  3006 | D:4      | Killed from afar by an orc priest

Illustrated notes

Levels and vault maps discovered:
D:1:      heliophobic_arrival_glass_houses, layout_basic, serial_bayou,
          serial_bayou_pond_d, serial_bayou_pond_d, serial_bayou_shore_a,
          serial_bayou_pond_c, hellmonk_ecumenical_altar_pennies_from_heaven
D:2:      layout_rooms, basic_altar, uniq_natasha
D:3:      layout_loops_corners, zin_academy, guppyfry_early_orc_mine
D:4:      layout_loops_ring, mainiacjoe_overflow_alcove_4, serial_shops, shop,
          serial_undead, serial_undead_c, serial_undead_f, serial_undead_e,
          serial_undead_e, serial_undead_c, serial_undead_b, uniq_ijyb,
          uniq_grinder, uniq_duvessa

Skill      XL: |  1  2  3  4  5  6  7 |
---------------+----------------------+-----
Throwing       | 2 3 |  3.1
Fighting       | 3 4 5 |  5.1
Dodging        | 3 4 |  4.0
Maces & Flails | 4 5 |  5.0
Armour         | 1 |  1.0

Action                     |  1- 3 |  4- 6 |  7- 9 || total
---------------------------+-------+-------+-------++-------
  Melee: Flail             |    93 |   177 |    33 ||   303
         Punch             |       |     3 |     2 ||     5
         Unarmed           |       |       |    17 ||    17
  Throw: Throwing net      |     1 |     4 |     1 ||     6
         Javelin           |       |     2 |     2 ||     4
    Use: Scroll            |     6 |     3 |       ||     9
   Stab: Held in net/web   |       |     1 |       ||     1
 Armour: Leather armour    |    43 |   105 |       ||   148
         Chain mail        |       |     3 |    27 ||    30
  Dodge: Dodged            |   102 |   141 |    13 ||   256

Table legend: (Time is in decaauts)
 A = Elapsed time spent in this place.
 B = Non-inter-level travel time spent in this place.
 C = Inter-level travel time spent in this place.
 D = Time resting spent in this place.
 E = Time spent auto-exploring this place.
 F = Levels seen in this place.
 G = Mean time per level.
                   A        B        C        D        E       F      G
               +--------+--------+--------+--------+--------+-----+--------+
         Total |   3101 |   2980 |    121 |      0 |   2265 |   4 |  775.2 |
       Dungeon |   3101 |   2980 |    121 |      0 |   2265 |   4 |  775.2 |
               +--------+--------+--------+--------+--------+-----+--------+

Top non-repeatable levels by time:
     D:1: 997 daAuts
     D:3: 902 daAuts
     D:2: 673 daAuts
     D:4: 529 daAuts
